 Dungeon Crawl Stone Soup version 0.28.0-43-g3370ac3207 (webtiles) character file.

Game seed: 5239893628304431152

22 flyleaff the Insei (level 3, -1/28 HPs)
             Began as a Djinni Transmuter on Mar 8, 2022.
             Slain by an endoplasm (3 damage)
             ... on level 1 of the Dungeon.
             The game lasted 00:02:17 (745 turns).

flyleaff the Insei (Djinni Transmuter)               Turns: 745, Time: 00:02:18

Health: -1/28      AC:  2    Str: 15    XL:     3   Next: 7%
Gold:   33         EV: 12    Int: 16    God:
                   SH:  0    Dex: 13

rFire   + + .      SeeInvis .     - Unarmed
rCold   x . .      Faith    .   (no shield)
rNeg    . . .      Spirit   .   a - +0 robe
rPois   ∞          Reflect  .   (no helmet)
rElec   .          Harm     .   (no cloak)
rCorr   .          Rampage  .   (no gloves)
Will    .....                   (boots unavailable)
Stlth   +.........              (no amulet)
HPRegen 0.09/turn               c - +6 ring of strength
MPRegen 0.00/turn               (no ring)

@: flying, very slightly contaminated
A: sickness immunity, fire resistance 2, cold vulnerability 1, float, innate
caster, HP casting, extra vitality 1
a: no special abilities


You were on level 1 of the Dungeon.
You visited 1 branch of the dungeon, and saw 1 of its levels.

You collected 33 gold pieces.

Inventory:

Armour
 a - a +0 robe (worn)
Jewellery
 c - a +6 ring of strength (left hand)
Scrolls
 b - a scroll of noise {unknown}
 d - a scroll of enchant weapon {unknown}


   Skills:
 * Level 2.0 Fighting
 + Level 2.6 Dodging
 - Level 3.0 Unarmed Combat
 + Level 1.8 Spellcasting


You couldn't memorise any spells.
You knew the following spells:

 Your Spells              Type           Power      Damage    Failure   Level
a - Beastly Appendage     Tmut           14%        N/A       10%         1
b - Wereblood             Tmut           7%         N/A       14%         2
c - Spider Form           Tmut/Pois      7%         N/A       28%         3
d - Ice Form              Ice/Tmut       7%         N/A       67%         4
e - Apportation           Tloc           14%        N/A       10%         1
Your spell library was empty.

Dungeon Overview and Level Annotations

Branches:
Dungeon (1/15)

Altars:


Innate Abilities, Weirdness & Mutations

You are immune to sickness and miasma.
You are immune to poison.
Your flesh is very heat resistant. (rF++)
You are vulnerable to cold. (rC-)
You float through the air rather than walking.
You learn spells naturally, not from books.
Your magical power is your life essence.
You have superior vitality. (+4 MHP)


Message History

Your horns disappear.
Your primal bloodlust is almost over.
A ball python comes into view.
You howl as the wereblood boils in your veins!
The ball python hisses angrily.
You barely miss the ball python. The ball python bites you.
The ball python completely misses you.
You closely miss the ball python.
The ball python bites you but does no damage.
The ball python grabs you. The ball python constricts you.
You hit the ball python.
You feel a bit better.
You kill the ball python!
An endoplasm comes into view.
The endoplasm quivers.
You barely miss the endoplasm.
Your primal bloodlust has ended.
You hit the endoplasm.
The endoplasm is moderately wounded.
The endoplasm hits you.
You barely miss the endoplasm.
The endoplasm is moderately wounded.
The endoplasm freezes you.
You are frozen.
Casting: Beastly Appendage (safe; 10% risk of failure)
Confirm with . or Enter, or press ? or * to list all spells.
You miscast Beastly Appendage.
You are very lightly contaminated with residual magic.
Nothing appears to happen.
The endoplasm freezes you.
You are frozen!
You feel a terrible chill!
* * * LOW HITPOINT WARNING * * *
You barely miss the endoplasm.
The endoplasm is moderately wounded.
The endoplasm freezes you.
You are frozen.
You feel a terrible chill!
* * * LOW HITPOINT WARNING * * *
You hit the endoplasm but do no damage.
The endoplasm is moderately wounded.
The endoplasm hits you.
You die...

#.... ......
..^... ......
#.....#
.......##
........#
......J@###
#.....#†..#
##...
###)##### ##.
#.....########
..
###...........
# ..
#....[..####..
.
####.##.#....#
#.##.>...#
#....# .#


You could see an endoplasm.

Vanquished Creatures
  A gnoll (D:1)
  2 endoplasms (D:1)
  2 goblins (D:1)
  A hobgoblin (D:1)
  A kobold (D:1)
  2 quokkas (D:1)
  2 ball pythons (D:1)
11 creatures vanquished.

Notes
Turn   | Place    | Note
-------+----------+-------------------------------------------
     0 | D:1      | flyleaff the Djinni Transmuter began the quest for the Orb.
     0 | D:1      | Reached XP level 1. HP: 17/17 MP: 0/0
   175 | D:1      | Reached XP level 2. HP: 2/22 MP: 0/0
   728 | D:1      | Reached XP level 3. HP: 13/28 MP: 0/0
   728 | D:1      | Learned a level 1 spell: Apportation
   745 | D:1      | Slain by an endoplasm

Illustrated notes

Levels and vault maps discovered:
D:1:      dpeg_arrival_fog, layout_rooms

Skill      XL: |  1  2 |
---------------+-------+-----
Fighting       | 2 |  2.0
Dodging        | |  2.6
Unarmed Combat | |  3.0
Spellcasting   | |  1.8

Action                   || total
-------------------------++-------
Melee: Unarmed           ||    38
       Punch             ||     2
       Headbutt          ||     2
 Cast: Beastly Appendage ||     4
       Wereblood         ||     2
Armor: Robe              ||     1
Dodge: Dodged            ||    13
